 Dungeon Crawl Stone Soup version 0.28-a0-863-g8cecda6153 (webtiles) character file.

Game seed: 16834043314230848345

32 Ijustatesigmund the Skirmisher (level 3, -1/30 HPs)
             Began as a Demonspawn Fighter on Nov 19, 2021.
             Succumbed to an adder's poison
             ... on level 3 of the Dungeon.
             The game lasted 00:01:42 (962 turns).

Ijustatesigmund the Skirmisher (Demonspawn Fighter)  Turns: 962, Time: 00:01:42

Health: -1/30      AC:  6    Str: 16    XL:     3   Next: 10%
Magic:  3/3        EV:  9    Int: 10    God:
Gold:   0          SH:  4    Dex: 12    Spells: 2/2 levels left

rFire   . . .      SeeInvis .   a - +0 war axe
rCold   . . .      Faith    .   c - +0 buckler
rNeg    . . .      Spirit   .   b - +0 scale mail
rPois   .          Reflect  .   (no helmet)
rElec   .          Harm     .   (no cloak)
rCorr   .          Rampage  .   (no gloves)
Will    .....                   (no boots)
Stlth   ..........              (no amulet)
HPRegen 0.10/turn               (no ring)
MPRegen 0.08/turn               (no ring)

@: lethally poisoned (-1 -> -7)
A: weakness stinger 1, demonic touch 1
a: no special abilities


You were on level 3 of the Dungeon.
You visited 1 branch of the dungeon, and saw 3 of its levels.

Inventory:

Hand Weapons
 a - a +0 war axe (weapon)
Armour
 b - a +0 scale mail (worn)
 c - a +0 buckler (worn)
Scrolls
 f - a scroll of identify {unknown}
 h - a scroll of blinking {unknown}
Potions
 d - a potion of might
 e - a potion of magic {unknown}
 g - a potion of lignification {unknown}


   Skills:
 + Level 3.6 Fighting
 + Level 2.6 Axes
 - Level 2.6 Armour
 - Level 2.6 Shields


You had 2 spell levels left.
You didn't know any spells.
Your spell library was empty.

Dungeon Overview and Level Annotations

Branches:
Dungeon (3/15)

Altars:

Annotations:
D:3 Natasha


Innate Abilities, Weirdness & Mutations

You have a small tail.
Your touch may inflict minor irresistible damage on your foes.


Message History

The adder bites you but does no damage. The adder bites you.
The adder bites you. The adder barely misses you. You block the adder's attack.
The adder barely misses you. The adder bites you but does no damage.
The adder bites you.
The crimson imp disappears in a puff of smoke!
The adder bites you. The adder barely misses you. The adder misses you.
The adder bites you but does no damage. The adder bites you but does no damage.
The adder bites you.
You are poisoned.
The adder poisons you!
Natasha casts a spell.
The adder bites you but does no damage.
You feel sick. The adder bites you.
You feel sick. You block the adder's attack.
You feel sick. The adder bites you.
You are more poisoned.
The adder poisons you!
Natasha mewls in sadness.
Natasha mumbles some strange words.
The adder misses you.
You feel sick.
Natasha mumbles some strange words.
Natasha shimmers violently.
The adder bites you but does no damage.
You feel sick. The adder bites you but does no damage.
The crimson imp blinks!
You feel sick. The adder barely misses you.
You feel sick. The adder bites you.
* * * LOW HITPOINT WARNING * * *
You are lethally poisoned!
The adder poisons you! The adder bites you but does no damage.
* * * LOW HITPOINT WARNING * * *
You feel sick.
The crimson imp disappears in a puff of smoke!
The adder bites you.
* * * LOW HITPOINT WARNING * * *
You die...

.....# #.#
#.#.#.#
.....# #.#
#.#.#.#
.....# #.#
#<#.#.#
.....###.#
###.#.#
.........#
..#.#
.....#####
###.#
#...........
#.#
############
#.# #@# #S#
#h# #5# #.#
..# ..# ..#


You could see an iron imp (summoned), Natasha and an adder.

Vanquished Creatures
  A gnoll (D:1)
  3 ball pythons (D:1)
  An endoplasm (D:1)
  A goblin (D:2)
  3 hobgoblins (D:1)
  A quokka (D:1)
  4 bats
  A frilled lizard (D:1)
  3 kobolds
  6 rats
24 creatures vanquished.

Vanquished Creatures (others)
  A plant (D:3)
1 creature vanquished.

Grand Total: 25 creatures vanquished

Notes
Turn   | Place    | Note
-------+----------+-------------------------------------------
     0 | D:1      | Ijustatesigmund the Demonspawn Fighter began the quest for
                  | the Orb.
     0 | D:1      | Reached XP level 1. HP: 18/18 MP: 1/1
   363 | D:1      | Discovered your monstrous ancestry.
   363 | D:1      | Gained mutation: You have a small tail. [demonic ancestry]
   363 | D:1      | Reached XP level 2. HP: 24/24 MP: 2/2
   606 | D:1      | Gained mutation: Your touch may inflict minor irresistible
                  | damage on your foes. [demonic ancestry]
   606 | D:1      | Reached XP level 3. HP: 12/29 MP: 3/3
   928 | D:3      | Noticed Natasha
   961 | D:3      | HP: 1/30 [adder (1)]
   962 | D:3      | Succumbed to an adder's poison

Illustrated notes

Levels and vault maps discovered:
D:1:      co_arrival_square_in_a_square_in_a_square, layout_basic
D:2:      layout_basic, serial_shops, shop_coins
D:3:      layout_basic, serial_forest, infiniplex_forest_straight_5,
          infiniplex_forest_end_1, infiniplex_forest_pool,
          infiniplex_forest_clump_double, infiniplex_forest_end_3,
          dreamdust_ecumenical_altar_hidden_monk_grotto, minivault_5,
          serial_park_tiny_2, uniq_ijyb, uniq_natasha

Skill      XL: |  1 |
---------------+----+-----
Axes           | 2 |  2.6
Fighting       | |  3.6
Armour         | |  2.6
Shields        | |  2.6

Action                   || total
-------------------------++-------
Melee: War axe           ||    72
       Tailslap          ||     4
Armor: Scale mail        ||    51
Dodge: Dodged            ||    53
Block: Buckler           ||    23

Table legend: (Time is in decaauts)
 A = Elapsed time spent in this place.
 B = Non-inter-level travel time spent in this place.
 C = Inter-level travel time spent in this place.
 D = Time resting spent in this place.
 E = Time spent auto-exploring this place.
 F = Levels seen in this place.
 G = Mean time per level.
                   A        B        C        D        E       F      G
               +--------+--------+--------+--------+--------+-----+--------+
         Total |    991 |    991 |      0 |    291 |    493 |   3 |  330.3 |
       Dungeon |    991 |    991 |      0 |    291 |    493 |   3 |  330.3 |
               +--------+--------+--------+--------+--------+-----+--------+

Top non-repeatable levels by time:
     D:1: 639 daAuts
     D:2: 253 daAuts
     D:3: 98 daAuts
